 Dungeon Crawl Stone Soup version 0.28.0-45-g0d030f2227 (webtiles) character file.

Game seed: 4976207755177308003

73 protoss039 the Digger (level 4, -1/33 HPs)
             Began as a Demonspawn Earth Elementalist on May 30, 2022.
             Slain by an orc
             ... wielding a +2 trident of freezing
              (2 damage)
             ... on level 3 of the Dungeon.
             The game lasted 00:03:39 (2271 turns).

protoss039 the Digger (DsEE)                        Turns: 2271, Time: 00:03:39

Health: -1/33      AC:  5    Str:  9    XL:     4   Next: 8%
Magic:  1/7        EV: 11    Int: 18    God:
Gold:   59         SH:  0    Dex: 13    Spells: 1/7 levels left

rFire   . . .      SeeInvis .   e - +1 dagger (venom)
rCold   . . .      Faith    .   (no shield)
rNeg    . . .      Spirit   .   k - +0 leather armour
rPois   .          Reflect  .   (no helmet)
rElec   .          Harm     .   (no cloak)
rCorr   .          Rampage  .   (no gloves)
Will    .....                   (no boots)
Stlth   ++........              g - amulet of regeneration
HPRegen 0.91/turn               (no ring)
MPRegen 0.10/turn               (no ring)

@: very slightly contaminated
A: icy blue scales 1, demonic touch 1
a: no special abilities


You were on level 3 of the Dungeon.
You visited 1 branch of the dungeon, and saw 3 of its levels.

You collected 59 gold pieces.

Inventory:

Hand Weapons
 e - a +1 dagger of venom (weapon)
Missiles
 c - 82 stones
Armour
 k - a +0 leather armour (worn)
Jewellery
 g - an amulet of regeneration (around neck)
Scrolls
 a - a scroll of enchant armour {unknown}
 h - 3 scrolls of fear {unknown}
 i - a scroll of blinking {unknown}
 j - a scroll of brand weapon {unknown}
Potions
 d - a potion of brilliance {unknown}
 f - a potion of degeneration {unknown}


   Skills:
 * Level 2.1 Fighting
 + Level 1.1 Armour
 - Level 1.7 Dodging
 - Level 1.7 Stealth
 + Level 2.4 Spellcasting
 * Level 0.9 Conjurations
 - Level 1.0 Transmutations
 + Level 3.1 Earth Magic


You had one spell level left.
You knew the following spells:

 Your Spells              Type           Power      Damage    Failure   Level
a - Sandblast             Erth           26%        2d8       7%          1
b - Passwall              Tmut/Erth      7%         N/A       16%         2
c - Stone Arrow           Conj/Erth      18%        3d8       30%         3

Your spell library contained the following spells:

 Spells                   Type           Power      Damage    Failure   Level
 Frozen Ramparts          Ice            4%         1d2       56%         3
 Petrify                  Tmut/Erth      9%         N/A       71%         4
 Ice Form                 Ice/Tmut       3%         N/A       88%         4
 Summon Ice Beast         Ice/Summ       2%         N/A       93%         4


Dungeon Overview and Level Annotations

Branches:
Dungeon (3/15)

Altars:

Shops:
D:2 :


Innate Abilities, Weirdness & Mutations

You are partially covered in icy blue scales. (AC +2)
Your touch may inflict minor irresistible damage on your foes.


Message History

Items here: )) [[.
Unknown command.
Unknown command.
You hit the orc.
The orc is lightly wounded.
The orc hits you with a +2 trident of freezing.
The orc freezes you.
Unknown command.
You barely miss the orc.
You touch the orc.
The orc is heavily wounded.
The orc hits you with a +2 trident of freezing.
The orc freezes you.
Unknown command.
You are too injured to fight recklessly!
Unknown command.
Unknown command.
Casting: Sandblast (safe; 7% risk of failure)
Confirm with . or Enter, or press ? or * to list all spells.
Aiming: Sandblast (safe; 7% risk of failure)
Press: ? - help, Shift-Dir - straight line, f - orc
Aim: an orc, wielding a +2 trident of freezing and wearing a +0 leather armour (heavily wounded, 79% to hit)
You miscast Sandblast.
You are very lightly contaminated with residual magic.
Nothing appears to happen.
The orc hits you with a +2 trident of freezing.
* * * LOW HITPOINT WARNING * * *
The orc freezes you.
* * * LOW HITPOINT WARNING * * *
Unknown command.
Casting: Sandblast (safe; 7% risk of failure)
Confirm with . or Enter, or press ? or * to list all spells.
Aiming: Sandblast (safe; 7% risk of failure)
Press: ? - help, Shift-Dir - straight line, f/p - orc
Aim: an orc, wielding a +2 trident of freezing and wearing a +0 leather armour (moderately wounded, 79% to hit)
The blast of sand hits the orc but does no damage.
The orc is moderately wounded.
The orc hits you with a +2 trident of freezing.
* * * LOW HITPOINT WARNING * * *
The orc freezes you.
You die...

.## .. #.
#.###
#.<.#
###.# #.##
#).###...
#@.......
#o.....[.
.........
##........
........<
.........
#........
#........


You could see an orc.

Vanquished Creatures
  An orc wizard (D:3)
  2 worms (D:2)
  2 orcs (D:3)
  7 ball pythons
  2 endoplasms (D:2)
  3 giant cockroaches
  A goblin (D:2)
  4 hobgoblins
  3 jackals (D:1)
  2 kobolds (D:1)
  A quokka (D:1)
  5 bats
  4 frilled lizards
  3 rats (D:1)
40 creatures vanquished.

Vanquished Creatures (others)
  5 plants (D:2)
5 creatures vanquished.

Grand Total: 45 creatures vanquished

Notes
Turn   | Place    | Note
-------+----------+-------------------------------------------
     0 | D:1      | protoss039 the Demonspawn Earth Elementalist began the
                  | quest for the Orb.
     0 | D:1      | Reached XP level 1. HP: 13/13 MP: 3/3
    93 | D:1      | Reached skill level 1 in Transmutations
   490 | D:1      | Gained mutation: You are partially covered in icy blue
                  | scales. (AC +2) [demonic ancestry]
   490 | D:1      | Reached XP level 2. HP: 20/20 MP: 1/5
   545 | D:1      | Reached skill level 1 in Fighting
   731 | D:1      | Learned a level 2 spell: Passwall
   881 | D:1      | Found a faded altar of an unknown god.
  1323 | D:2      | Found Vionuys's Book Shop.
  1336 | D:2      | Reached skill level 3 in Earth Magic
  1417 | D:2      | Reached XP level 3. HP: 26/26 MP: 6/6
  1950 | D:2      | Reached skill level 1 in Armour
  1954 | D:2      | Learned a level 3 spell: Stone Arrow
  2262 | D:3      | Gained mutation: Your touch may inflict minor irresistible
                  | damage on your foes. [demonic ancestry]
  2262 | D:3      | Reached XP level 4. HP: 33/33 MP: 2/7
  2271 | D:3      | HP: 1/33 [orc/+2 trident of freezing (6)]
  2271 | D:3      | Slain by an orc

Illustrated notes

Levels and vault maps discovered:
D:1:      lightli_arrival_flooded_house, layout_basic,
          dreamdust_ecumenical_altar_angels_and_demons
D:2:      layout_loops_ring, serial_shops, nicolae_diamond_shop,
          minmay_misc_feat_hallway, serial_bayou_lake_a
D:3:      layout_rooms, serial_shops,
          nicolae_shop_temple_entry_statues_fountains, nicolae_square_shop,
          shop, nicolae_shop_window_shopping

Skill      XL: |  1  2  3 |
---------------+----------+-----
Transmutations | 1 |  1.0
Fighting       | 1 2 |  2.1
Earth Magic    | 3 |  3.1
Armour         | 1 |  1.1
Dodging        | |  1.7
Stealth        | |  1.7
Spellcasting   | |  2.4
Conjurations   | |  0.9

Action                   |  1- 3 |  4- 6 || total
-------------------------+-------+-------++-------
Melee: Unarmed           |    12 |       ||    12
       Dagger            |    59 |     5 ||    64
       Touch             |       |     3 ||     3
 Cast: Sandblast         |    29 |     1 ||    30
       Stone Arrow       |     1 |       ||     1
 Stab: Sleeping          |     1 |       ||     1
Armor: Robe              |    30 |       ||    30
       Leather armour    |     5 |     1 ||     6
Dodge: Dodged            |    65 |     1 ||    66
